 Dungeon Crawl Stone Soup version 0.18-a0-1702-gd20c6a5 (webtiles) character file.

378 dvd the Grave Robber (level 6, -2/42 HPs)
             Began as a Demonspawn Necromancer on Apr 7, 2016.
             Slain by a scorpion (8 damage)
             ... on level 4 of the Dungeon.
             The game lasted 00:11:57 (4746 turns).

dvd the Grave Robber (Demonspawn Necromancer)       Turns: 4746, Time: 00:11:58

Health: -2/42      AC:  2    Str:  8    XL:     6   Next: 45%
Magic:  1/12       EV: 12    Int: 18    God:
Gold:   155        SH:  3    Dex: 14    Spells: 3 memorised, 6 levels left

rFire  . . .     SeeInvis .     r - +0 short sword (elec)
rCold  . . .     Gourm    .     a - +0 robe
rNeg   . . .     Faith    .     q - +0 buckler
rPois  .         Spirit   .     (helmet restricted)
rElec  .         Dismiss  .     (no cloak)
rCorr  .         Reflect  .     (no gloves)
SustAt .         Harm     .     (no boots)
MR     .....                    (no amulet)
Stlth  ++........               (no ring)
                                (no ring)

@: lethally poisoned (-2 -> -3), regenerating, not resistant to hostile
enchantments, unstealthy
A: antennae 2
a: no special abilities


You were on level 4 of the Dungeon.
You were hungry.

You visited 1 branch of the dungeon, and saw 4 of its levels.

You collected 155 gold pieces.

Inventory:

Hand Weapons
 m - a +0 rapier
 r - a +0 short sword of electrocution (weapon)
 v - a +0 long sword
 x - a +0 broad axe
Armour
 a - a +0 robe (worn)
 q - a +0 buckler (worn)
Jewellery
 u - an uncursed ring of teleportation
Wands
 y - a wand of polymorph (7/24)
Scrolls
 d - 8 scrolls of identify
 h - 2 scrolls of fear
 k - a scroll of magic mapping
 B - a scroll of teleportation
Potions
 e - a potion of ambrosia {unknown}
 n - a potion of flight {unknown}
 o - 2 potions of magic {unknown}
 s - a potion of brilliance {unknown}
 w - a potion of might {unknown}
 C - a potion of mutation {unknown}
 D - a potion of agility
Books
 b - a book of Necromancy

   Spells                             Type                      Level
   a - Pain                           Necromancy                   1
   b - Animate Skeleton               Necromancy                   1
   c - Vampiric Draining              Necromancy                   3
   d - Regeneration                   Charms/Necromancy            3
   e - Animate Dead                   Necromancy                   4
   f - Control Undead                 Necromancy                   4
Comestibles
 c - 3 bread rations
 g - 3 beef jerkies
 i - a slice of pizza
 p - 2 royal jellies
 t - 5 fruits
 E - a chunk of flesh


   Skills:
 + Level 0.8 Fighting
 + Level 0.6 Short Blades
 + Level 2.8 Dodging
 + Level 2.7 Stealth
 + Level 0.5 Shields
 + Level 4.1 Spellcasting
 + Level 5.9 Necromancy


You had 6 spell levels left.
You knew the following spells:

 Your Spells              Type           Power        Failure   Level  Hunger
a - Pain                  Necr           ####         1%          1    None
b - Vampiric Draining     Necr           ####......   8%          3    ###....
c - Regeneration          Chrm/Necr      ##........   21%         3    ###....


Dungeon Overview and Level Annotations

Branches:
Dungeon (4/15)
 Temple: D:4-7

Altars:
Sif Muna
Trog
Vehumet
The Shining One


Innate Abilities, Weirdness & Mutations

You have a pair of antennae on your head.


Message History

Aim: a worker ant (heavily wounded, chance to defeat MR: 88%)
The worker ant convulses in agony!
You feel sick. The worker ant bites you.
* * * LOW HITPOINT WARNING * * *
You are more poisoned.
The worker ant poisons you!
Casting: Pain
Confirm with . or Enter, or press ? or * to list all spells.
Aiming: Pain
Press: ? - help, Shift-Dir - straight line, f/p - worker ant
Aim: a worker ant (severely wounded, chance to defeat MR: 88%)
The worker ant convulses in agony!
You kill the worker ant!
You feel sick.
Casting: Pain
Confirm with . or Enter, or press ? or * to list all spells.
Aiming: Pain
Press: ? - help, Shift-Dir - straight line, f - scorpion
Aim: a scorpion (chance to defeat MR: 84%)
The scorpion convulses in agony!
You feel sick. The scorpion stings you!
You die...

....#.........#.....#,,* *,,
....'.........#.....#,,* *,,
....######...##.....#+##*******,,
...##.####...#..........,,,,,,,,,
...#.........#........?.,,,,,,,,,
#..#.........#..........,,,,,,,,,
....##########..........,,,,,<,,,
#............###s#......*****+***
.............'..@#......*,,,,,,,*
.............#...#,.....*,,,,,,,+
.............#...#...>..*,,**,,,*
...##........#####......*,,******
#...#>..................*+***,,,*
....##'####+#........,,,,,,,*,,,,
...###......'........,,,,,,,*,,,,
.....#......#........,,,,,,,*,,,*
.....#......#.....###*+*,,,,*,,,*


You could see a scorpion.

Vanquished Creatures
  An ice beast (D:4)
  A scorpion (D:4)
  An iguana (D:4)
  A worker ant (D:4)
  8 adders
  A white imp (D:4)
  An ooze (D:2)
  2 worms
  4 dart slugs
  2 giant geckos
  2 orcs
  2 ball pythons
  12 bats
  4 giant cockroaches
  9 goblins
  7 hobgoblins
  4 jackals (D:1)
  11 kobolds
  2 quokkas
  6 giant newts
  A goblin skeleton (D:4)
  2 goblin zombies (D:4)
  5 hobgoblin zombies (D:4)
  2 kobold zombies (D:4)
  An orc skeleton (D:4)
  7 rats
99 creatures vanquished.

Notes
Turn   | Place    | Note
--------------------------------------------------------------
     0 | D:1      | dvd the Demonspawn Necromancer began the quest for the Orb.
     0 | D:1      | Reached XP level 1. HP: 13/13 MP: 3/3
   379 | D:1      | Gained mutation: You have a pair of small antennae on your head. [demonic ancestry]
   379 | D:1      | Reached XP level 2. HP: 17/19 MP: 0/5
   765 | D:1      | Reached skill level 5 in Necromancy
  1439 | D:1      | Reached XP level 3. HP: 20/24 MP: 1/6
  1514 | D:1      | Learned a level 3 spell: Vampiric Draining
  1518 | D:1      | Learned a level 3 spell: Regeneration
  2227 | D:2      | Gained mutation: You have a pair of antennae on your head. [demonic ancestry]
  2227 | D:2      | Reached XP level 4. HP: 20/30 MP: 2/8
  3527 | D:4      | Found a radiant altar of Vehumet.
  3531 | D:4      | Found a deep blue altar of Sif Muna.
  3552 | D:4      | Reached XP level 5. HP: 34/35 MP: 8/10
  3728 | D:4      | Found a glowing golden altar of the Shining One.
  4265 | D:4      | Found a bloodstained altar of Trog.
  4270 | D:4      | Noticed an ice beast
  4279 | D:4      | Killed an ice beast
  4279 | D:4      | Reached XP level 6. HP: 15/42 MP: 3/12
  4746 | D:4      | Slain by a scorpion

Vault maps used:
D:1:      mrwooster_arrival_statue_2
D:3:      first_bread, kennysheep_generic_room_11
D:4:      nicolae_tso_besieged_by_evil, bloody_trog, grunt_temple_overflow_open,
          grunt_ministairs_1, eino_small_chamber_without_monster

Skill      XL: |  1  2  3  4  5 |
---------------+----------------+-----
Necromancy     | 5 |  5.9
Spellcasting   | 3 4 |  4.1
Dodging        | 2 |  2.8
Stealth        | 2 |  2.7
Fighting       | |  0.8
Short Blades   | |  0.6
Shields        | |  0.5

Action                   |  1- 3 |  4- 6 || total
-------------------------+-------+-------++-------
Melee: Unarmed           |    26 |       ||    26
       Short sword       |       |    86 ||    86
       Morningstar       |       |     6 ||     6
 Cast: Pain              |    81 |    48 ||   129
       Vampiric Draining |       |    10 ||    10
       Regeneration      |       |     1 ||     1
  Use: Scroll            |     2 |     8 ||    10
 Stab: Sleeping          |     1 |     5 ||     6
  Eat: Chunk             |     5 |     8 ||    13
